 Dungeon Crawl Stone Soup version 0.25.1-8-g42b30a86e7 (webtiles) character file.

Game seed: 15460796208793935343

74 Clowwww the Skirmisher (level 4, -5/36 HPs)
             Began as a Demonspawn Fighter on Dec 23, 2020.
             Slain by Sigmund
             ... wielding a +0 scythe
              (7 damage)
             ... on level 2 of the Dungeon.
             The game lasted 00:02:38 (1604 turns).

Clowwww the Skirmisher (Demonspawn Fighter)         Turns: 1604, Time: 00:02:38

Health: -5/36      AC:  6    Str: 18    XL:     4   Next: 9%
Magic:  4/4        EV:  7    Int: 15    God:
Gold:   78         SH:  9    Dex: 12    Spells: 3/3 levels left

rFire    . . .     SeeInvis .   a - +0 war axe
rCold    . . .     Gourm    .   c - +0 kite shield
rNeg     . . .     Faith    .   b - +0 scale mail
rPois    .         Spirit   .   (no helmet)
rElec    .         Reflect  .   (no cloak)
rCorr    .         Harm     .   (no gloves)
MR       .....                  (no boots)
Stlth    ..........             (no amulet)
HPRegen  0.12/turn              q - +6 ring of intelligence
MPRegen  0.09/turn              (no ring)

@: mighty
A: claws 1
a: no special abilities


You were on level 2 of the Dungeon.
You were not hungry.

You visited 1 branch of the dungeon, and saw 2 of its levels.

You collected 78 gold pieces.

Inventory:

Hand Weapons
 a - a +0 war axe (weapon)
Missiles
 o - 6 boomerangs (quivered)
Armour
 b - a +0 scale mail (worn)
 c - a +0 kite shield (worn)
Jewellery
 q - a +6 ring of intelligence (left claw)
Scrolls
 h - a scroll of identify {unknown}
 j - a scroll of magic mapping {unknown}
 k - a scroll of remove curse {unknown}
 r - 3 scrolls of fear {unknown}
 s - a scroll of immolation {unknown}
Potions
 e - a potion of stabbing {unknown}
 g - a potion of mutation {unknown}
 i - a potion of magic {unknown}
 l - a potion of resistance {unknown}
 m - 2 potions of heal wounds {unknown}
 n - a potion of ambrosia {unknown}
Comestibles
 f - 5 rations
 p - a chunk of flesh


   Skills:
 + Level 3.6 Fighting
 + Level 2.5 Axes
 + Level 3.2 Armour
 + Level 0.1 Dodging
 + Level 3.1 Shields


You had 3 spell levels left.
You didn't know any spells.
Your spell library was empty.

Dungeon Overview and Level Annotations

Branches:
Dungeon (2/15)

Altars:
Dithmenos
Yredelemnul

Annotations:
D:2 Sigmund


Innate Abilities, Weirdness & Mutations

You have sharp fingernails.


Message History

You slash the kobold!
You kill the kobold!
Something hits you. Something hits you!
You hit something.
You feel very mighty all of a sudden.
You hear some strange, mumbled words.
A puff of flame appears from out of thin air!
The puff of flame hits you!
* * * LOW HITPOINT WARNING * * *
You slash something! Something hits you.
* * * LOW HITPOINT WARNING * * *
You closely miss something. Something hits you but does no damage.
You hear some strange, mumbled words.
A magic dart appears from out of thin air!
The magic dart hits you.
* * * LOW HITPOINT WARNING * * *
Your shield and scale mail prevent you from hitting something.
Something hits you!
You die...

.........####..... ..
.................. #.
#..........# #. #.....)..#.#
.. #.#.####.#.#
#.####.#.#.####.#.###### #
#.#... #.#.#...<#.#.....
#.#..#.#.####.#.#.##.#.#.###.
....>..(...{@...#....#.#(#...
.......#.######.######.#.####
.....#.................#.....
.... #.#.#.......####.##.####
... #.#.#....._.#.....#.#...
.. #.#.#.......#.###.#.#.#. #
#.#.#.......#.#...#.#.#.
#.#.#######.#.#####.###.
#.#.# #.#...........


There were no monsters in sight!

Vanquished Creatures
  3 adders (D:2)
  4 dart slugs
  A leopard gecko (D:1)
  A ball python (D:1)
  3 bats
  A giant cockroach (D:2)
  3 goblins
  4 hobgoblins
  3 jackals (D:1)
  7 kobolds
  A frilled lizard (D:1)
  5 rats
36 creatures vanquished.

Notes
Turn   | Place    | Note
-------+----------+-------------------------------------------
     0 | D:1      | Clowwww the Demonspawn Fighter began the quest for the Orb.
     0 | D:1      | Reached XP level 1. HP: 18/18 MP: 1/1
    41 | D:1      | Gained mutation: You have sharp fingernails. [demonic
                  | ancestry]
    41 | D:1      | Reached XP level 2. HP: 23/24 MP: 2/2
   790 | D:2      | Reached XP level 3. HP: 29/29 MP: 3/3
  1370 | D:2      | Found a shadowy altar of Dithmenos.
  1566 | D:2      | Found a basalt altar of Yredelemnul.
  1586 | D:2      | Reached XP level 4. HP: 36/36 MP: 4/4
  1586 | D:2      | Noticed Sigmund
  1604 | D:2      | Slain by Sigmund

Illustrated notes

Levels and vault maps discovered:
D:1:      wander_arrival_peaceful_grave, layout_loops_ring
D:2:      mumra_celtic_spiral_tile, layout_basic, overflow_temple_1_default,
          old_standard_altar, nicolae_dithmenos_shadow_blocks, minmay_tripent,
          uniq_sigmund

Skill      XL: |  1  2  3 |
---------------+----------+-----
Axes           | 2 |  2.5
Shields        | 3 |  3.1
Armour         | 3 |  3.2
Fighting       | |  3.6
Dodging        | |  0.1

Action                   |  1- 3 |  4- 6 || total
-------------------------+-------+-------++-------
Melee: War axe           |   115 |     6 ||   121
Throw: Boomerang         |       |     4 ||     4
  Use: Potion            |       |     1 ||     1
  Eat: Chunk             |     2 |       ||     2
Armor: Scale mail        |    53 |     2 ||    55
Dodge: Dodged            |    33 |       ||    33
Block: Kite shield       |    59 |     4 ||    63
